 Dungeon Crawl Stone Soup version 0.24.0-13-gcf9b319 (webtiles) character file.

Game seed: 1076156674772296430, levelgen mode: deterministic

2337 Fang the Skirmisher (level 9, -5/57 HPs)
             Began as a Gargoyle Berserker on Nov 19, 2019.
             Was an Elder of Trog.
             Slain by Harold
             ... wielding a +0 trident
              (12 damage)
             ... on level 7 of the Dungeon.
             The game lasted 00:05:47 (6682 turns).

Fang the Skirmisher (Gargoyle Berserker)            Turns: 6682, Time: 00:05:47

Health: -5/57      AC: 19    Str: 24    XL:     9   Next: 42%
Magic:  9/9        EV:  9    Int: 13    God:    Trog [****..]
Gold:   422        SH:  0    Dex:  9    Spells: 8/8 levels left

rFire    . . .     SeeInvis .   a - +0 war axe
rCold    . . .     Gourm    .   (no shield)
rNeg     + . .     Faith    .   b - +0 plate armour
rPois    ∞         Spirit   .   (no helmet)
rElec    +         Reflect  .   (no cloak)
rCorr    .         Harm     .   (no gloves)
MR       ++...                  (no boots)
Stlth    ..........             q - amulet of regeneration
HPRegen  1.59/turn              (no ring)
MPRegen  0.11/turn              (no ring)

@: brilliant, marked, berserk cooldown, regenerating, slowed, very slow
A: negative energy resistance 1, electricity resistance, unbreathing,
petrification resistance, rot immunity, AC +6
a: Berserk, Trog's Hand, Brothers in Arms, Renounce Religion


You were on level 7 of the Dungeon.
You worshipped Trog.
Trog was greatly pleased with you.
You were near starving.

You visited 2 branches of the dungeon, and saw 8 of its levels.

You collected 422 gold pieces.

Inventory:

Hand Weapons
 a - a +0 war axe (weapon)
Armour
 b - a +0 plate armour (worn)
Jewellery
 q - an amulet of regeneration (around neck)
 r - an uncursed ring of resist corrosion {unknown}
 x - an uncursed amulet of the gourmand {unknown}
Wands
 A - a wand of enslavement (12)
 B - a wand of iceblast (9)
Scrolls
 e - 10 scrolls of identify {unknown}
 h - 5 scrolls of teleportation {unknown}
 k - a scroll of amnesia {unknown}
 l - 7 scrolls of blinking {unknown}
 p - a scroll of noise {unknown}
 v - a scroll of enchant weapon {unknown}
 w - a scroll of remove curse {unknown}
 y - a scroll of magic mapping {unknown}
 D - a scroll of fear {unknown}
Potions
 d - 6 potions of cancellation {unknown}
 f - a potion of mutation {unknown}
 g - a potion of lignification {unknown}
 i - a potion of brilliance
 j - 3 potions of curing {unknown}
 m - a potion of berserk rage {unknown}
 n - a potion of resistance {unknown}
 o - 2 potions of heal wounds {unknown}
 s - a potion of agility {unknown}
 t - a potion of magic {unknown}
 z - a potion of might
 C - a potion of ambrosia {unknown}
Comestibles
 c - 5 rations
 u - 3 chunks of flesh


   Skills:
 + Level 7.5 Fighting
 + Level 6.2 Axes
 + Level 7.0 Armour
 + Level 5.3 Dodging


You had 8 spell levels left.
You didn't know any spells.
Your spell library was empty.

Dungeon Overview and Level Annotations

Branches:
Dungeon (7/15)             Temple (1/1) D:6

Altars:
Hepliaklqana
Sif Muna

Shops:
D:5 [   D:7 *

Annotations:
D:7 Harold, Pikel


Innate Abilities, Weirdness & Mutations

You are resistant to torment.
Your stone body is resilient. (AC +6)
You are immune to poison.
You resist negative energy. (rN+)
You are resistant to electric shocks. (rElec)
You can survive without breathing.
You are immune to petrification.
You are immune to rotting.


Message History

* * * LOW HITPOINT WARNING * * *
The slave hits you but does no damage.
You are too injured to fight recklessly!
You hit Harold.
Harold is severely wounded.
You closely miss the slave. You hit Pikel.
You feel the effects of Trog's Hand fading.
Pikel hits you with a +1 whip of freezing.
* * * LOW HITPOINT WARNING * * *
Pikel freezes you.
* * * LOW HITPOINT WARNING * * *
Harold casts a spell at you.
You barely resist. The slave hits you but does no damage.
Pikel hits you but does no damage. Harold gestures at you while chanting.
You barely resist. The slave closely misses you.
The crimson imp blinks!
It was a potion of brilliance.
You feel clever all of a sudden. Pikel hits you but does no damage.
Harold hits you with a +0 trident!
You die...

#.... #.... #....
#....## #.....######
#####..>...##
#.§###..#
##pK###.### ##@#
#...# ##
#@#####.###....
#p#.........#
#.a..###.##### ...#
#...###### ##.#
###......#
.##.#######......#
.................#
.................###


You could see Harold, Pikel, 2 slaves and a worker ant.

Vanquished Creatures
  A hornet (D:7)
  Grinder (D:5)
  Duvessa (D:4)
  2 slaves (D:7)
  A sky beast (D:6)
  2 phantoms
  An ice beast (D:7)
  3 ogres
  A bullfrog (D:6)
  Dowan (D:4)
  2 scorpions
  5 wights (D:6)
  A howler monkey (D:5)
  2 crimson imps (D:5)
  An orc priest (D:5)
  5 hounds
  3 orc wizards
  2 bullfrog skeletons
  4 worker ants
  2 iguanas
  A killer bee zombie (D:6)
  A hound skeleton (D:5)
  8 adders
  2 oozes
  An adder skeleton (D:4)
  4 worms
  5 leopard geckos
  19 orcs
  11 giant cockroaches
  11 goblins
  8 hobgoblins
  20 jackals
  2 quokkas
  3 ball pythons (D:2)
  9 bats
  4 frilled lizards
  A jackal skeleton (D:4)
  10 kobolds
  A leopard gecko skeleton (D:4)
  A leopard gecko zombie (D:6)
  7 rats
  2 bushes (D:1)
  2 plants (D:1)
174 creatures vanquished.

Notes
Turn   | Place    | Note
-------+----------+-------------------------------------------
     0 | D:1      | Fang the Gargoyle Berserker began the quest for the Orb.
     0 | D:1      | Reached XP level 1. HP: 14/14 MP: 1/1
    67 | D:1      | Reached XP level 2. HP: 13/19 MP: 2/2
   774 | D:1      | Reached XP level 3. HP: 24/24 MP: 3/3
  1796 | D:2      | Reached ** piety under Trog
  2203 | D:2      | Reached XP level 4. HP: 28/29 MP: 4/4
  2320 | D:2      | Noticed an ogre
  2327 | D:2      | Killed an ogre
  2327 | D:2      | Reached XP level 5. HP: 31/33 MP: 5/5
  3048 | D:3      | Reached *** piety under Trog
  3494 | D:4      | Reached XP level 6. HP: 39/39 MP: 6/6
  3566 | D:4      | Noticed a phantom
  3618 | D:4      | Killed a phantom
  3686 | D:4      | Reached skill level 5 in Fighting
  3745 | D:4      | Noticed Dowan
  3745 | D:4      | Noticed Duvessa
  3753 | D:4      | Reached XP level 7. HP: 44/44 MP: 7/7
  3760 | D:4      | Killed Duvessa
  3765 | D:4      | Killed Dowan
  4765 | D:5      | Entered Level 5 of the Dungeon
  4788 | D:5      | Found Wonomp's Armour Emporium.
  4875 | D:5      | Reached skill level 5 in Armour
  4882 | D:5      | Reached **** piety under Trog
  4968 | D:5      | Found a hazy altar of Hepliaklqana.
  4990 | D:5      | Reached XP level 8. HP: 49/51 MP: 8/8
  5074 | D:5      | Reached skill level 5 in Axes
  5180 | D:5      | Found a shimmering blue altar of Sif Muna.
  5230 | D:5      | Noticed Grinder
  5255 | D:5      | Paralysed by Grinder for 5 turns
  5263 | D:5      | Killed Grinder
  5606 | D:6      | Reached XP level 9. HP: 56/56 MP: 9/9
  5635 | D:6      | Found a staircase to the Ecumenical Temple.
  5657 | Temple   | Entered the Ecumenical Temple
  5687 | D:6      | Reached skill level 5 in Dodging
  6445 | D:7      | Reached ***** piety under Trog
  6476 | D:7      | Noticed a hornet
  6487 | D:7      | Killed a hornet
  6557 | D:7      | Found Jadoq's Assorted Antiques.
  6639 | D:7      | Noticed Pikel
  6647 | D:7      | Noticed Harold
  6682 | D:7      | Slain by Harold

Levels and vault maps discovered:
D:1:      psy_arrival_conway, layout_basic, serial_forest,
          infiniplex_forest_straight_3, infiniplex_forest_lined_corner,
          infiniplex_forest_fountain, infiniplex_forest_end_2,
          infiniplex_forest_diagonal, infiniplex_forest_split,
          infiniplex_forest_end_3, infiniplex_forest_clump_tiny
D:2:      cheibrodos_old_hovel, layout_loops_ring, first_ration,
          serial_co_window_serial, co_window_corner_a, co_window_paths_b,
          co_window_of_opportunity_a, co_window_corner_a, co_window_paths_b,
          co_window_corner_a, co_window_of_opportunity_a, co_window_broadway_a,
          co_window_corner_ca, co_window_cross_2, co_window_paths_e,
          glass_columns_b
D:3:      layout_rooms
D:4:      layout_basic, gup_sewer_entry_spiral, uniq_duvessa
D:5:      layout_loops_ring, lemuel_crystal_altar, serial_shops,
          kennysheep_little_box, nrook_mini_vaults, led_sif_pool, uniq_grinder
D:6:      layout_basic, minmay_temple_entry_hall
D:7:      layout_rooms, serial_shops, shop, uniq_pikel, uniq_harold
Temple:   kilobyte_greek_temple

Skill      XL: |  1  2  3  4  5  6  7  8  9 |
---------------+----------------------------+-----
Axes           | 3 4 5 6 |  6.2
Dodging        | 2 3 4 5 |  5.3
Armour         | 3 4 5 6 7 |  7.0
Fighting       | 4 5 6 7 |  7.5

Action                   |  1- 3 |  4- 6 |  7- 9 || total
-------------------------+-------+-------+-------++-------
Melee: Hand axe          |   443 |   281 |   139 ||   863
       War axe           |       |       |   253 ||   253
Invok: Berserk           |       |     1 |     4 ||     5
       Trog's Hand       |       |       |     1 ||     1
  Use: Potion            |       |       |     1 ||     1
  Eat: Chunk             |     2 |     6 |    13 ||    21
       Ration            |     1 |       |       ||     1
Armor: Plate armour      |   114 |   214 |   314 ||   642
       Animal skin       |    14 |       |       ||    14
Dodge: Dodged            |    70 |   109 |   184 ||   363
